 Dungeon Crawl Stone Soup version 0.22.1-2-g9c5b331383 (webtiles) character file.

187 Gargoyl the Skirmisher (level 5, -3/45 HPs)
             Began as a Centaur Abyssal Knight on Jan 6, 2019.
             Was a Believer of Lugonu.
             Slain by an ogre
             ... wielding a +0 giant club
              (26 damage)
             ... on level 3 of the Dungeon.
             The game lasted 00:04:43 (2461 turns).

Gargoyl the Skirmisher (Centaur Abyssal Knight)     Turns: 2461, Time: 00:04:44

Health: -3/45      AC:  9    Str: 14    XL:     5   Next: 39%
Magic:  6/6        EV:  7    Int: 11    God:    Lugonu [**....]
Gold:   148        SH: 12    Dex: 10    Spells: 4/4 levels left

rFire    . . .     SeeInvis .   a - +2 hand axe
rCold    . . .     Gourm    .   e - +1 large shield
rNeg     . . .     Faith    .   h - +0 ring mail
rPois    .         Spirit   .   (no helmet)
rElec    .         Reflect  .   k - +2 cloak
rCorr    .         Harm     .   (no gloves)
MR       .....                  (no barding)
Stlth    ..........             (no amulet)
HPRegen  0.15/turn              r - +3 ring of evasion
MPRegen  0.10/turn              (no ring)

@: very quick
A: large, hooves 3, deformed body, speed 2, tough skin 3
a: Depart the Abyss, Bend Space, Renounce Religion


You were on level 3 of the Dungeon.
You worshipped Lugonu.
Lugonu was pleased with you.
You were not hungry.

You visited 1 branch of the dungeon, and saw 3 of its levels.
You visited the Abyss 1 time.

You collected 148 gold pieces.

Inventory:

Hand Weapons
 a - a +2 hand axe (weapon)
Missiles
 g - 6 javelins (quivered)
Armour
 e - a +1 large shield (worn)
 h - a +0 ring mail (worn)
 k - a +2 cloak (worn)
Jewellery
 r - a +3 ring of evasion (left hand)
 s - an uncursed ring of see invisible {unknown}
Scrolls
 b - a scroll of identify
 d - 6 scrolls of remove curse
 m - a scroll of blinking
 o - a scroll of enchant armour
Potions
 f - a potion of curing
 i - a potion of brilliance {unknown}
 j - a potion of agility {unknown}
 l - a potion of ambrosia {unknown}
 n - a potion of heal wounds {unknown}
 p - a potion of lignification {unknown}
 q - 2 potions of invisibility
Comestibles
 c - 4 rations


   Skills:
 + Level 3.5 Fighting
 + Level 2.8 Axes
 + Level 0.1 Throwing
 * Level 2.5 Armour
 + Level 0.9 Dodging
 * Level 1.5 Shields
 * Level 2.6 Invocations


You had 4 spell levels left.
You didn't know any spells.
Your spell library was empty.

Dungeon Overview and Level Annotations

Branches:
Dungeon (3/15)

Altars:
Makhleb


Innate Abilities, Weirdness & Mutations

You have hooves in place of feet.
Armour fits poorly on your strangely shaped body.
You cover ground very quickly.
You have extremely tough skin. (AC +3)


Message History

The ogre shouts!
The ogre moves out of view.
The ogre is too close now for your liking.
Throwing (i - inventory)
g - 7 javelins (quivered)
Press: ? - help, Shift-Dir - straight line, f - ogre
Aim: an ogre, wielding a giant club You throw a javelin.
The javelin hits the ogre.
The ogre is lightly wounded.
You hit the ogre but do no damage. You kick the ogre.
The ogre is moderately wounded.
You block the ogre's attack.
Your shield prevents you from hitting the ogre.
You kick the ogre.
The ogre is heavily wounded.
The ogre hits you with a giant club!!
You completely miss the ogre. You kick the ogre!
The ogre is almost dead.
The ogre hits you with a giant club!!
Ouch! That really hurt!
You die...

#...(......# #####+#.#
#..........# #.......#
#..........# #.......#
#.........## #.......#
#.........## #.....(.#
#...........
#.(.....#.# ########..
#...O...#.# #..
#@..#.# #..
#####.#.#.# #..
#.......#.# #..
#.####.##.##########.#
#.##.##....#.....
#....##.##.#.####
####.##.##...#<..
#....######### ##.###


You could see an ogre.

Vanquished Creatures
  A centaur (D:3)
  A worker ant (D:3)
  2 adders
  A worm (D:3)
  5 dart slugs
  2 leopard geckos
  5 bats
  3 giant cockroaches
  10 hobgoblins
  6 jackals (D:1)
  6 frilled lizards
  4 goblins
  7 kobolds
  2 rats (D:1)
55 creatures vanquished.

Notes
Turn   | Place    | Note
-------+----------+-------------------------------------------
     0 | Abyss:1  | Gargoyl the Centaur Abyssal Knight began the quest for the
                  | Orb.
     0 | Abyss:1  | Reached XP level 1. HP: 19/19 MP: 2/2
    31 | Abyss:1  | Found an ancient bone altar of Kikubaaqudgha.
    74 | Abyss:1  | Noticed a starcursed mass
    82 | Abyss:1  | Noticed a vampire mage
    84 | D:1      | Escaped the Abyss
   224 | D:1      | Reached XP level 2. HP: 22/26 MP: 3/3
   374 | D:1      | Reached * piety under Lugonu
   650 | D:1      | Reached XP level 3. HP: 25/31 MP: 4/4
  1180 | D:2      | Reached skill level 1 in Shields
  1991 | D:3      | Noticed a centaur
  2002 | D:3      | Reached XP level 4. HP: 17/38 MP: 5/5
  2004 | D:3      | Killed a centaur
  2004 | D:3      | Reached XP level 5. HP: 21/45 MP: 6/6
  2175 | D:3      | Found a burning altar of Makhleb.
  2242 | D:3      | Reached ** piety under Lugonu
  2456 | D:3      | Noticed an ogre
  2461 | D:3      | Slain by an ogre

Skill      XL: |  1  2  3 |
---------------+----------+-----
Axes           | 2 |  2.8
Shields        | 1 |  1.5
Armour         | 2 |  2.5
Fighting       | |  3.5
Throwing       | |  0.1
Dodging        | |  0.9
Invocations    | |  2.6

Action                   |  1- 3 |  4- 6 || total
-------------------------+-------+-------++-------
Melee: Hand axe          |   108 |    29 ||   137
       Kick              |    18 |     5 ||    23
Throw: Javelin           |     2 |     1 ||     3
Invok: Depart the Abyss  |     1 |       ||     1
  Use: Scroll            |    12 |       ||    12
  Eat: Chunk             |     2 |     1 ||     3
Armor: Ring mail         |    60 |     8 ||    68
Dodge: Dodged            |    19 |     6 ||    25
Block: Large shield      |    64 |    20 ||    84
